 Dungeon Crawl Stone Soup version 0.20.0-15-g7f486f2 (webtiles) character file.

47528 anfisbena the Impaler (level 14, -6/104 HPs)
             Began as a Merfolk Skald on June 17, 2017.
             Was a Priest of Ashenzari.
             Mangled by a dream sheep (12 damage)
             ... on level 5 of the Lair of Beasts.
             The game lasted 00:50:34 (27294 turns).

anfisbena the Impaler (Merfolk Skald)              Turns: 27294, Time: 00:50:34

Health: -6/104     AC: 10    Str: 14    XL:     14   Next: 42%
Magic:  21/23      EV: 20    Int: 19    God:    Ashenzari [***...]
Gold:   1045       SH:  2    Dex: 13    Spells: 6/25 levels left

rFire    + + .     SeeInvis +   b - +2 glaive (flame)
rCold    . . .     Gourm    .   (shield currently unavailable)
rNeg     . . .     Faith    .   m - +2 leather armour of Untold Secrets {rF+}
rPois    .         Spirit   .   (helmet restricted)
rElec    .         Reflect  +   (no cloak)
rCorr    .         Harm     .   H - +0 pair of gloves
MR       +....                  x - +0 pair of boots
Stlth    +.........             A - +2 amulet of reflection
Regen    0.3/turn               f - ring of protection from fire
MPRegen  0.2/turn               g - +3 ring of evasion

@: lethally poisoned (-6 -> -10)
A: change form in water, swift swim, stealthy swim, horns 1, yellow scales 1,
clever 1, strong 1, wild magic 1, evolution 1
a: Curse Item, Scrying, Renounce Religion


You were on level 5 of the Lair of Beasts.
You worshipped Ashenzari.
Ashenzari was most pleased with you.
You were hungry.

You visited 3 branches of the dungeon, and saw 16 of its levels.
You also visited: Labyrinth and Volcano.

You collected 1045 gold pieces.

Inventory:

Hand Weapons
 a - the +12 glaive of Prune {chop}
   (You found it on level 3 of the Lair of Beasts)

   It inflicts extra damage upon your enemies.
 b - a +2 glaive of flaming (weapon)
Armour
 m - the +2 leather armour of Untold Secrets (worn) {rF+}
   (You found it on level 4 of the Lair of Beasts)

   It protects you from fire.
 v - +0 fire dragon scales
 x - a +0 pair of boots (worn)
 y - a +1 helmet
 H - a +0 pair of gloves (worn)
 L - a +0 helmet of see invisible
 T - a +0 cloak
Jewellery
 c - a +1 ring of slaying
 f - a ring of protection from fire (left hand)
 g - a +3 ring of evasion (right hand)
 A - a +2 amulet of reflection (around neck)
 E - an uncursed ring of poison resistance
 M - a +3 ring of intelligence
 Q - an uncursed ring of protection from magic
Wands
 t - a wand of flame (32/48)
 K - a wand of disintegration (10/24)
 N - a wand of flame (20/48)
 P - a wand of confusion (30/48)
 R - a wand of acid (9/15)
Scrolls
 e - 3 scrolls of recharging
 n - 9 scrolls of remove curse
 o - a scroll of blinking
 r - a scroll of amnesia
 s - 2 scrolls of fear
 B - a scroll of fog
 F - 6 scrolls of teleportation
 G - 2 scrolls of enchant armour
 O - 2 scrolls of magic mapping {unknown}
Potions
 j - 3 potions of flight
 k - 2 potions of degeneration {unknown}
 l - 2 potions of resistance
 p - 2 potions of haste {unknown}
 q - 7 potions of heal wounds
 u - 2 potions of mutation {unknown}
 w - 6 potions of curing
 z - 2 potions of might {unknown}
 D - 2 potions of invisibility {unknown}
 I - a potion of lignification
 J - a potion of brilliance {unknown}
Books
 C - a book of Party Tricks

   Spells                             Type                      Level
   a - Summon Butterflies             Summoning                    1
   b - Apportation                    Translocation                1
   c - Lesser Beckoning               Translocation                3
   d - Tukima's Dance                 Hexes                        3
   e - Alistair's Intoxication        Transmutation/Poison         5
   f - Invisibility                   Hexes                        6
Comestibles
 d - 10 bread rations
 h - 11 fruits
 i - 6 meat rations
 S - 4 chunks of flesh


   Skills:
 + Level 7.9 Fighting
 + Level 17.1 Polearms
 * Level 5.0 Armour
 + Level 9.4 Dodging
 - Level 6.0 Spellcasting
 - Level 4.2 Conjurations
 - Level 8.0 Hexes
 - Level 10.0 Charms
 - Level 4.0 Necromancy
 - Level 4.0 Translocations
 - Level 4.0 Fire Magic
 - Level 4.3 Air Magic
 - Level 4.0 Poison Magic


You had 6 spell levels left.
You knew the following spells:

 Your Spells              Type           Power        Failure   Level  Hunger
a - Spectral Weapon       Hex/Chrm       ######..     2%          3    ##.....
b - Shroud of Golubria    Chrm/Tloc      #####.....   2%          2    None
c - Conjure Flame         Conj/Fire      ####....     12%         3    ##.....
d - Mephitic Cloud        Conj/Pois/Air  ####....     12%         3    ##.....
e - Regeneration          Chrm/Necr      #####.....   4%          3    ##.....
f - Blink                 Tloc           N/A          6%          2    None
o - Apportation           Tloc           ####..       4%          1    None
s - Song of Slaying       Chrm           ######..     1%          2    None


Dungeon Overview and Level Annotations

Branches:
Dungeon (9/15)             Temple (1/1) D:5            Lair (6/6) D:9
  Swamp (0/4) Lair:3        Snake (0/4) Lair:3
  Slime: Lair:5-6       Orc: D:9-12

Altars:
Ashenzari
Cheibriados
Dithmenos
Elyvilon
Fedhas
Gozag
Hepliaklqana
Kikubaaqudgha
Makhleb
Nemelex Xobeh
Okawaru
Qazlal
Ru
Sif Muna
Trog
Uskayaw
Vehumet
Xom
Yredelemnul
Zin
The Shining One

Annotations:
Lair:4 exclusion: 2 oklob plants


Innate Abilities, Weirdness & Mutations

You revert to your normal form in water.
You are very nimble and swift while swimming.
You are very stealthy in the water. (Stealth+)
You have a pair of small horns on your head.
You are partially covered in yellow scales. (AC +2)
Your mind is acute. (Int +2)
Your muscles are strong. (Str +2)
Your spells are a little harder to cast, but a little more powerful.
You evolve.


Message History

The black mamba is moderately wounded.
You feel sick.
Your spectral weapon hits the black mamba from afar!
Your spectral weapon burns the black mamba.
The dream sheep bites you.
* * * LOW HITPOINT WARNING * * *
The dream sheep completely misses you.
The black mamba completely misses your spectral weapon.
Attack whom?
Press: ? - help, Dir - move target cursor, f - black mamba
Aim: a black mamba (severely wounded)
You reach to attack!
You barely miss the black mamba.
The black mamba is severely wounded.
You feel sick.
Your spectral weapon barely misses the black mamba.
The dream sheep barely misses you. The dream sheep closely misses you.
You slash the black mamba! You burn the black mamba.
You kill the black mamba!
You feel sick. The dream sheep bites you!
You die...

###....#.# ###.................
..##..[.## #.............#.#P..
........## ##P...........#(#...
PP≈P...#.## #............#.####
≈P≈.....#.#####........##.#..# #
P≈≈≈.......##.#......####..#.##
≈≈≈P..................# #.....###
≈P....#..###.....†....#####..###.
≈≈≈....### ##..Y@Y.......#...####
≈≈P)..### ###Y.(.#..##.#..#.#
≈≈≈P..#.#####......#####...####
≈PP....#..##........## #..## ##
≈≈≈≈....#####.......P# #..### #.
≈≈≈P.....# #........####....# ##
≈≈≈#....####.............P.## #
≈≈##.....#P..#........#...## #
####^...#.P..............### #


You could see 3 dream sheep and a friendly spectral glaive of flaming.

Vanquished Creatures
  Rupert (Lair:4)
  A fire dragon (Volcano)
  A minotaur (Lab)
  Harold (Lair:1)
  4 hydras
  Erolcha (D:9)
  3 two-headed ogres
  7 death yaks
  Erica (D:8)
  2 lindwurms
  A necromancer (Lair:4)
  2 oklob plants
  11 elephants
  5 black mambas
  11 spiny frogs
  2 molten gargoyles (Volcano)
  2 rime drakes
  2 komodo dragons
  A troll (D:8)
  A hornet (Lair:4)
  2 tyrant leeches (Lair:3)
  Prince Ribbit (D:8)
  10 blink frogs
  6 hippogriffs
  Sigmund (D:4)
  2 wyverns
  7 fire bats (Volcano)
  24 yaks
  5 basilisks
  The ghost of anfisbena the Poker, an amateur MfSk (D:3)
  A hungry ghost (D:9)
  Edmund (D:5)
  20 water moccasins
  4 hell hounds
  7 swamp worms
  An orc warrior (D:8)
  17 porcupines
  5 sky beasts
  2 black bears
  An ice beast (D:8)
  A necrophage (D:7)
  2 ogres (D:8)
  A phantom (D:8)
  5 centaurs
  3 wolves (Lair:2)
  12 crocodiles
  A big kobold (D:8)
  A gnoll sergeant (D:6)
  13 bullfrogs
  3 scorpions
  7 wights
  4 howler monkeys
  4 electric eels
  3 lava snakes (Volcano)
  2 bullfrog zombies (D:8)
  A crimson imp (D:9)
  A centaur zombie (D:7)
  3 jellies
  4 hounds
  5 orc priests
  12 orc wizards
  5 iguanas
  10 worker ants
  4 wolf simulacra (Lair:4)
  5 yak simulacra (Lair:4)
  A hound skeleton (D:6)
  3 worker ant zombies
  A howler monkey skeleton (D:5)
  4 gnolls
  8 adders
  5 shadow imps
  An ooze (D:1)
  An adder skeleton (D:9)
  18 worms
  A dart slug (D:2)
  4 leopard geckos
  42 orcs
  3 ball pythons
  A giant cockroach (D:1)
  11 goblins
  9 hobgoblins
  6 jackals
  6 quokkas
  7 bats
  5 frilled lizards
  2 giant cockroach zombies
  10 kobolds
  2 leopard gecko skeletons
  A leopard gecko zombie (D:1)
  13 rats
  2 river rat simulacra (Lair:4)
  A bush (Lair:3)
458 creatures vanquished.

Vanquished Creatures (others)
  A kobold (D:2)
  4 fungi
  9 plants
  9 spectral weapons
23 creatures vanquished.

Grand Total: 481 creatures vanquished

Notes
Turn   | Place    | Note
-------+----------+-------------------------------------------
     0 | D:1      | anfisbena the Merfolk Skald began the quest for the Orb.
     0 | D:1      | Reached XP level 1. HP: 16/16 MP: 3/3
   425 | D:1      | Reached XP level 2. HP: 19/22 MP: 0/5
   648 | D:1      | Learned a level 2 spell: Shroud of Golubria
   765 | D:1      | Reached skill level 4 in Polearms
   781 | D:1      | Reached XP level 3. HP: 20/27 MP: 1/6
  1732 | D:2      | Reached skill level 1 in Translocations
  1776 | D:2      | Reached XP level 4. HP: 32/33 MP: 0/7
  2422 | D:3      | Noticed anfisbena's ghost (amateur MfSk)
  2700 | D:3      | Found a white marble altar of Elyvilon.
  2875 | D:2      | Learned a level 3 spell: Spectral Weapon
  2931 | D:3      | Killed anfisbena's ghost
  2931 | D:3      | Reached skill level 5 in Polearms
  2931 | D:3      | Reached XP level 5. HP: 6/38 MP: 2/8
  3211 | D:3      | Reached XP level 6. HP: 41/44 MP: 5/9
  3329 | D:3      | Found an opulent altar of Gozag.
  3504 | D:3      | Found a snail-covered altar of Cheibriados.
  4452 | D:4      | Noticed Sigmund
  4524 | D:4      | HP: 3/66 [something (9)]
  4527 | D:4      | Killed Sigmund
  4527 | D:4      | Reached skill level 6 in Polearms
  4527 | D:4      | Reached XP level 7. HP: 4/50 MP: 2/10
  5362 | D:4      | HP: 2/50 [orc/club (5)]
  5697 | D:5      | Entered Level 5 of the Dungeon
  5864 | D:5      | Found a staircase to the Ecumenical Temple.
  5905 | Temple   | Entered the Ecumenical Temple
  6028 | Temple   | Became a worshipper of Ashenzari the Shackled
  6699 | D:5      | Noticed Edmund
  6719 | D:5      | Killed Edmund
  6719 | D:5      | Reached skill level 7 in Polearms
  6719 | D:5      | Reached skill level 5 in Hexes
  6719 | D:5      | Reached skill level 5 in Charms
  7232 | D:6      | Reached XP level 8. HP: 49/56 MP: 7/11
  7237 | D:6      | Gained mutation: You have a pair of small horns on your head. [mutagenic meat]
  7238 | D:6      | Gained mutation: You evolve. [mutagenic meat]
  7239 | D:6      | Gained mutation: You are weak. (Str -2) [mutagenic meat]
  7240 | D:6      | Gained mutation: You are agile. (Dex +2) [mutagenic meat]
  7241 | D:6      | Gained mutation: Your mind is acute. (Int +2) [mutagenic meat]
  7242 | D:6      | Gained mutation: You are partially covered in yellow scales. (AC +2) [mutagenic meat]
  7585 | D:6      | Learned a level 2 spell: Song of Slaying
  7589 | D:6      | Learned a level 3 spell: Regeneration
  8061 | D:5      | Reached skill level 8 in Polearms
  8182 | D:6      | Reached skill level 1 in Necromancy
  8850 | D:6      | Found a glowing silver altar of Zin.
  8922 | D:6      | Reached XP level 9. HP: 55/61 MP: 12/12
  9342 | D:7      | Reached skill level 9 in Polearms
  9862 | D:7      | Reached skill level 10 in Polearms
 10317 | D:8      | Found a bloodstained altar of Trog.
 10385 | D:8      | Noticed a troll
 10414 | D:8      | Killed a troll
 10591 | D:8      | Noticed a two-headed ogre
 10595 | D:8      | Noticed Erica
 10611 | D:8      | Killed a two-headed ogre
 10611 | D:8      | Reached skill level 11 in Polearms
 10611 | D:8      | Reached XP level 10. HP: 19/66 MP: 10/13
 11275 | D:8      | Killed Erica
 11275 | D:8      | Reached skill level 12 in Polearms
 11526 | D:8      | Noticed Prince Ribbit
 11566 | D:8      | Killed Prince Ribbit
 11790 | D:8      | Found a deep blue altar of Sif Muna.
 12210 | D:8      | Lost mutation: You are weak. (Str -2) [evolution]
 12257 | D:8      | Learned a level 2 spell: Blink
 12713 | D:8      | Reached skill level 10 in Charms
 13386 | D:9      | Reached XP level 11. HP: 75/75 MP: 14/14
 13387 | D:9      | Found a shimmering altar of Xom.
 13387 | D:9      | Found an iron altar of Okawaru.
 13402 | D:9      | Noticed a two-headed ogre
 13413 | D:9      | Killed a two-headed ogre
 13413 | D:9      | Reached skill level 13 in Polearms
 13635 | D:9      | Noticed Erolcha
 13650 | D:9      | Killed Erolcha
 13969 | D:9      | Noticed a two-headed ogre
 13979 | D:9      | Killed a two-headed ogre
 14324 | D:9      | Found a staircase to the Lair.
 14436 | D:9      | Reached * piety under Ashenzari
 14561 | D:9      | Found a stormy altar of Qazlal.
 14833 | Lair:1   | Entered Level 1 of the Lair of Beasts
 15414 | Lair:1   | Reached skill level 5 in Dodging
 15559 | Lair:1   | Noticed Harold
 15582 | Lair:1   | Killed Harold
 16688 | Lair:2   | Reached skill level 5 in Fighting
 16688 | Lair:2   | Reached skill level 5 in Spellcasting
 17020 | Lair:2   | Reached XP level 12. HP: 31/86 MP: 4/20
 17579 | Lair:2   | Reached skill level 14 in Polearms
 17790 | Lair:2   | Reached skill level 1 in Armour
 18078 | Lair:2   | Reached ** piety under Ashenzari
 18844 | Lair:3   | Found a labyrinth entrance.
 18853 | Lab      | Entered a labyrinth
 19214 | Lab      | Noticed a minotaur
 19233 | Lab      | Killed a minotaur
 19238 | Lab      | Identified the Collected Works on Stolen Souls
 19698 | Lair:3   | Lost mutation: You are agile. (Dex +2) [evolution]
 19751 | Lair:3   | Found a staircase to the Snake Pit.
 19780 | Lair:3   | Noticed a six-headed hydra
 19802 | Lair:3   | HP: 3/89 [six-headed hydra (14)]
 19803 | Lair:3   | HP: 1/89 [six-headed hydra (2)]
 19804 | Lair:3   | Killed a six-headed hydra
 20242 | Lair:3   | Reached skill level 15 in Polearms
 20683 | Lair:3   | Reached XP level 13. HP: 58/96 MP: 16/22
 21617 | Lair:3   | Gained mutation: Your spells are a little harder to cast, but a little more powerful. [evolution]
 21815 | Lair:3   | Learned a level 3 spell: Conjure Flame
 21819 | Lair:3   | Learned a level 3 spell: Mephitic Cloud
 21844 | Lair:3   | Found a staircase to the Swamp.
 22076 | Lair:3   | Reached skill level 1 in Air Magic
 22076 | Lair:3   | Reached skill level 1 in Poison Magic
 22252 | Lair:3   | Reached skill level 1 in Conjurations
 22700 | Lair:4   | Reached skill level 1 in Fire Magic
 22920 | Lair:4   | Noticed Rupert
 22932 | Lair:4   | Killed Rupert
 23307 | Lair:4   | Got the uncursed leather armour of Untold Secrets {rF+}
 23318 | Lair:4   | Identified the +2 leather armour of Untold Secrets {rF+} (You found it on level 4 of the Lair of Beasts)
 23362 | Lair:4   | Reached skill level 16 in Polearms
 23873 | Lair:4   | Gained mutation: Your muscles are strong. (Str +2) [evolution]
 24032 | Lair:4   | Learned a level 1 spell: Apportation
 24979 | Lair:4   | Reached XP level 14. HP: 78/104 MP: 23/23
 25585 | Lair:5   | Found a dark tunnel.
 25596 | Volcano  | Entered a volcano
 25801 | Volcano  | Found a radiant altar of Vehumet.
 26282 | Lair:5   | Reached skill level 17 in Polearms
 26756 | Lair:5   | Reached *** piety under Ashenzari
 26947 | Lair:5   | Reached skill level 5 in Armour
 27274 | Lair:6   | Entered Level 6 of the Lair of Beasts
 27294 | Lair:5   | Mangled by a dream sheep

Skill      XL: |  1  2  3  4  5  6  7  8  9 10 11 12 13 14 |
---------------+-------------------------------------------+-----
Charms         | 4 5 6 9 10 | 10.0
Polearms       | 4 5 6 7 8 11 12 13 15 16 17 | 17.1
Translocations | 1 2 3 4 |  4.0
Hexes          | 2 4 5 6 7 8 |  8.0
Necromancy     | 2 3 4 |  4.0
Dodging        | 3 6 8 9 |  9.4
Fighting       | 3 5 7 |  7.9
Spellcasting   | 5 6 |  6.0
Armour         | 4 5 |  5.0
Air Magic      | 3 4 |  4.3
Poison Magic   | 4 |  4.0
Conjurations   | 3 4 |  4.2
Fire Magic     | 4 |  4.0

Action                   |  1- 3 |  4- 6 |  7- 9 | 10-12 | 13-15 || total
-------------------------+-------+-------+-------+-------+-------++-------
Melee: Spear             |   154 |   237 |   229 |   706 |       ||  1326
       Trident           |       |       |   199 |       |       ||   199
       Headbutt          |       |       |    50 |   127 |    33 ||   210
       Tailslap          |       |       |       |    11 |       ||    11
       Glaive            |       |       |       |    53 |   307 ||   360
 Cast: Infusion          |    11 |    15 |    10 |    19 |     2 ||    57
       Shroud of Golubri |       |     2 |     6 |    22 |     7 ||    37
       Spectral Weapon   |       |       |    27 |    62 |    39 ||   128
       Regeneration      |       |       |       |     3 |       ||     3
Invok: Curse Item        |       |       |       |       |     1 ||     1
  Use: Potion            |       |     3 |       |     2 |     1 ||     6
       Scroll            |       |     7 |     2 |     8 |     5 ||    22
 Stab: Distracted        |       |       |     1 |    11 |       ||    12
       Fleeing           |       |       |       |     1 |       ||     1
  Eat: Chunk             |     3 |     9 |    27 |    27 |    20 ||    86
       Royal jelly       |       |       |     1 |     2 |     1 ||     4
       Fruit             |       |       |       |     6 |     1 ||     7
Armor: Leather armour    |    32 |    17 |    59 |    55 |    32 ||   195
       Skin              |       |    36 |       |    11 |       ||    47
Dodge: Dodged            |   129 |   127 |   225 |   288 |   175 ||   944
Block: Other             |       |       |       |    21 |    10 ||    31
       Reflection        |       |       |       |     1 |       ||     1
